 Dungeon Crawl Stone Soup version 0.28.0-1-gb440e238dd (webtiles) character file.

Game seed: 9322172221970891061

123 RascalDebosk the Shield-Bearer (level 5, -1/40 HPs)
             Began as a Gnoll Wanderer on Feb 27, 2022.
             Slain by an orc wizard (3 damage)
             ... on level 3 of the Dungeon.
             The game lasted 00:32:28 (3386 turns).

RascalDebosk the Shield-Bearer (Gnoll Wanderer)     Turns: 3386, Time: 00:32:29

Health: -1/40      AC:  6    Str: 11    XL:     5   Next: 7%
Magic:  9/9        EV: 10    Int: 13    God:
Gold:   148        SH:  0    Dex: 12    Spells: 8/10 levels left

rFire   . . .      SeeInvis .   a - +0 dagger
rCold   . . .      Faith    .   d - +0 buckler
rNeg    . . .      Spirit   .   f - +0 ring mail
rPois   .          Reflect  .   (no helmet)
rElec   .          Harm     .   (no cloak)
rCorr   .          Rampage  .   (no gloves)
Will    .....                   r - +0 pair of boots
Stlth   ..........              (no amulet)
HPRegen 0.13/turn               (no ring)
MPRegen 0.11/turn               (no ring)

@: confused
A: fangs 1, strong nose, distributed training
a: no special abilities


You were on level 3 of the Dungeon.
You visited 1 branch of the dungeon, and saw 3 of its levels.

You collected 148 gold pieces.

Inventory:

Hand Weapons
 a - a +0 dagger (weapon)
Missiles
 b - 82 stones
Armour
 c - a +0 robe
 d - a +0 buckler (worn)
 f - a +0 ring mail (worn)
 r - a +0 pair of boots (worn)
Magical Staves
 h - a staff of fire
Scrolls
 e - 2 scrolls of identify {unknown}
 g - a scroll of amnesia {unknown}
 i - a scroll of fog {unknown}
 l - 4 scrolls of teleportation {unknown}
 m - a scroll of fear {unknown}
 p - a scroll of noise {unknown}
 q - a scroll of blinking {unknown}
 s - a scroll of magic mapping {unknown}
Potions
 j - 2 potions of mutation {unknown}
 k - a potion of magic {unknown}
 n - 2 potions of brilliance {unknown}
 o - a potion of haste {unknown}


   Skills:
 + Level 2.9 Fighting
 + Level 1.3 Short Blades
 + Level 1.3 Long Blades
 + Level 1.3 Axes
 + Level 1.3 Maces & Flails
 + Level 1.3 Polearms
 + Level 1.3 Staves
 + Level 1.3 Slings
 + Level 1.3 Bows
 + Level 1.3 Crossbows
 + Level 1.3 Throwing
 + Level 1.3 Armour
 + Level 2.9 Dodging
 + Level 1.3 Stealth
 + Level 6.6 Shields
 + Level 1.3 Unarmed Combat
 + Level 3.1 Spellcasting
 + Level 1.1 Conjurations
 + Level 1.1 Hexes
 + Level 1.1 Summonings
 + Level 1.1 Necromancy
 + Level 1.1 Translocations
 + Level 3.9 Transmutations
 + Level 1.1 Fire Magic
 + Level 1.1 Ice Magic
 + Level 1.1 Air Magic
 + Level 3.9 Earth Magic
 + Level 1.1 Poison Magic
 + Level 1.5 Invocations
 + Level 1.3 Evocations


You had 8 spell levels left.
You knew the following spells:

 Your Spells              Type           Power      Damage    Failure   Level
a - Sandblast             Erth           24%        2d8       14%         1
b - Sting                 Tmut/Pois      32%        1d4       24%         1

Your spell library contained the following spells:

 Spells                   Type           Power      Damage    Failure   Level
 Spider Form              Tmut/Pois      8%         N/A       58%         3
 Gell's Gravitas          Tloc           4%         N/A       78%         3
 Teleport Other           Tloc           4%         N/A       78%         3
 Animate Armour           Summ/Erth      16%        N/A       94%         4
 Leda's Liquefaction      Hex/Erth       4%         N/A       94%         4
 Dispersal                Tloc           2%         N/A       100%        6


Dungeon Overview and Level Annotations

Branches:
Dungeon (3/15)

Altars:


Innate Abilities, Weirdness & Mutations

You have very sharp teeth.
Your uncanny sense of smell can sniff out nearby items.
Your experience applies equally to all skills.


Message History

The orc is almost dead.
The orc hits you but does no damage.
You hit the orc but do no damage.
The orc is almost dead.
The orc hits you with a +1 dagger of protection.
You hit the orc.
You kill the orc!
You barely miss something. The orc barely misses you.
Something hits you but does no damage.
You hit something. The orc closely misses you. You block something's attack.
A hobgoblin comes into view.
The hobgoblin shouts!
You hit something.
The orc hits you from afar with a +0 trident of distortion.
Space warps around you. Something hits you.
You closely miss something.
The orc hits you from afar with a +0 trident of distortion.
Space warps around you! You block something's attack.
You barely miss something. The orc hits you but does no damage.
Space warps around you.
You hear some strange, mumbled words.
You are confused.
You completely miss something. The orc closely misses you.
Something hits you but does no damage.
You barely miss something. Your bite misses something.
The orc hits you from afar with a +0 trident of distortion.
You blink.
You're too confused to cast spells.
The orc hits you from afar with a +0 trident of distortion!
* * * LOW HITPOINT WARNING * * *
Space warps around you.
* * * LOW HITPOINT WARNING * * *
You hear some strange, mumbled words.
A magic dart appears from out of thin air!
The magic dart hits you.
* * * LOW HITPOINT WARNING * * *
The rat twitches its whiskers.
You're too confused to cast spells.
Something hits you.
You die...

#.# #.# ##.##
##+########...##
##...##.........#
##.....#.##....... #
##........#........
#$..####.........#........
...gor)o{@.......'........
#...####........[##.......
# ##......)..........
##.....######...#. ##...##
#####. ##+## #. #. #.# #.
#. #.# #. #.## #####.## #.


You could see 2 orcs, a hobgoblin and a rat.

Vanquished Creatures
  Jessica (D:2)
  A howler monkey skeleton (D:2)
  5 adders (D:2)
  A worm (D:2)
  A dart slug (D:2)
  2 orcs (D:3)
  4 endoplasms
  2 giant cockroaches
  4 goblins
  A hobgoblin (D:1)
  A quokka (D:1)
  3 ball pythons
  4 bats
  2 frilled lizards (D:1)
  4 kobolds (D:2)
  2 rats (D:2)
38 creatures vanquished.

Notes
Turn   | Place    | Note
-------+----------+-------------------------------------------
     0 | D:1      | RascalDebosk the Gnoll Wanderer began the quest for the
                  | Orb.
     0 | D:1      | RascalDebosk set off with the following items: a +0 dagger,
                  | 40 stones, a +0 robe, a +0 buckler; and the following
                  | spells available to memorise: Sandblast, Sting, Spider
                  | Form, Animate Armour, Leda's Liquefaction
     0 | D:1      | Reached XP level 1. HP: 17/17 MP: 4/4
     2 | D:1      | Learned a level 1 spell: Sandblast
     4 | D:1      | Learned a level 1 spell: Sting
   138 | D:1      | Found a faded altar of an unknown god.
   869 | D:1      | Reached XP level 2. HP: 23/23 MP: 3/5
  1159 | D:2      | Reached XP level 3. HP: 6/28 MP: 4/7
  1406 | D:2      | Noticed Jessica
  1421 | D:2      | Killed Jessica
  1422 | D:2      | Reached skill level 1 in Short Blades
  1422 | D:2      | Reached skill level 1 in Long Blades
  1422 | D:2      | Reached skill level 1 in Axes
  1422 | D:2      | Reached skill level 1 in Maces & Flails
  1422 | D:2      | Reached skill level 1 in Polearms
  1422 | D:2      | Reached skill level 1 in Staves
  1422 | D:2      | Reached skill level 1 in Slings
  1422 | D:2      | Reached skill level 1 in Bows
  1422 | D:2      | Reached skill level 1 in Crossbows
  1422 | D:2      | Reached skill level 1 in Throwing
  1422 | D:2      | Reached skill level 1 in Armour
  1422 | D:2      | Reached skill level 1 in Stealth
  1422 | D:2      | Reached skill level 1 in Unarmed Combat
  1422 | D:2      | Reached skill level 1 in Invocations
  1422 | D:2      | Reached skill level 1 in Evocations
  1545 | D:2      | Reached XP level 4. HP: 31/34 MP: 6/8
  1976 | D:2      | Reached skill level 1 in Conjurations
  1976 | D:2      | Reached skill level 1 in Hexes
  1976 | D:2      | Reached skill level 1 in Summonings
  1976 | D:2      | Reached skill level 1 in Necromancy
  1976 | D:2      | Reached skill level 1 in Translocations
  1976 | D:2      | Reached skill level 1 in Fire Magic
  1976 | D:2      | Reached skill level 1 in Ice Magic
  1976 | D:2      | Reached skill level 1 in Air Magic
  1976 | D:2      | Reached skill level 1 in Poison Magic
  2757 | D:2      | Reached XP level 5. HP: 20/40 MP: 6/9
  3385 | D:3      | HP: 2/40 [something/magic dart (4)]
  3386 | D:3      | Slain by an orc wizard

Illustrated notes

Levels and vault maps discovered:
D:1:      ncdulo_watergridlock, layout_loops_ring,
          hellmonk_ecumenical_altar_lost_god
D:2:      layout_loops_ring, minmay_pentomino_u4, uniq_jessica
D:3:      layout_loops_corners, nicolae_qazlal_eye_of_the_storm,
          gup_sewer_entry_spiral, uniq_robin

Skill      XL: |  1  2  3  4 |
---------------+-------------+-----
Short Blades   | 1 |  1.3
Long Blades    | 1 |  1.3
Axes           | 1 |  1.3
Maces & Flails | 1 |  1.3
Polearms       | 1 |  1.3
Staves         | 1 |  1.3
Slings         | 1 |  1.3
Bows           | 1 |  1.3
Crossbows      | 1 |  1.3
Throwing       | 1 |  1.3
Armour         | 1 |  1.3
Stealth        | 1 |  1.3
Unarmed Combat | 1 |  1.3
Invocations    | 1 |  1.5
Evocations     | 1 |  1.3
Spellcasting   | 3 |  3.1
Conjurations   | 1 |  1.1
Hexes          | 1 |  1.1
Summonings     | 1 |  1.1
Necromancy     | 1 |  1.1
Translocations | 1 |  1.1
Fire Magic     | 1 |  1.1
Ice Magic      | 1 |  1.1
Air Magic      | 1 |  1.1
Poison Magic   | 1 |  1.1
Fighting       | |  2.9
Dodging        | |  2.9
Shields        | |  6.6
Transmutations | |  3.9
Earth Magic    | |  3.9

Action                   |  1- 3 |  4- 6 || total
-------------------------+-------+-------++-------
Melee: Dagger            |    80 |    84 ||   164
       Bite              |     3 |     7 ||    10
 Cast: Sandblast         |    11 |     8 ||    19
       Sting             |       |     8 ||     8
Armor: Ring mail         |    21 |    41 ||    62
Dodge: Dodged            |    40 |    28 ||    68
Block: Buckler           |    21 |    24 ||    45
